 Dungeon Crawl Stone Soup version 0.23-a0-622-g59b4ea9 (console) character file.

39 Duffy the Conjurer (level 3, 3/19 HPs)
             Began as a Deep Elf Fire Elementalist on Dec 23, 2018.
             Quit the game on level 2 of the Dungeon.
             The game lasted 00:01:32 (1272 turns).

Duffy the Conjurer (Deep Elf Fire Elementalist)     Turns: 1272, Time: 00:01:33

Health: 3/19       AC:  2    Str:  5    XL:     3   Next: 28%
Magic:  9/9        EV: 13    Int: 20    God:
Gold:   44         SH:  0    Dex: 15    Spells: 4/8 levels left

rFire    . . .     SeeInvis .   g - +1 short sword (holy)
rCold    . . .     Gourm    .   (no shield)
rNeg     . . .     Faith    +   a - +0 robe
rPois    .         Spirit   .   (no helmet)
rElec    .         Reflect  .   (no cloak)
rCorr    .         Harm     .   (no gloves)
MR       .....                  (no boots)
Stlth    +++.......             h - amulet of faith
HPRegen  0.06/turn              d - ring of stealth
MPRegen  0.11/turn              (no ring)

@: lethally poisoned (3 -> -5)
A: no striking features
a: no special abilities


You were on level 2 of the Dungeon.
You were not hungry.

You visited 1 branch of the dungeon, and saw 2 of its levels.

You collected 44 gold pieces.

Inventory:

Hand Weapons
 g - a +1 short sword of holy wrath (weapon)
Armour
 a - a +0 robe (worn)
 e - a +0 large shield
Jewellery
 d - a ring of stealth (left hand)
 h - an amulet of faith (around neck)
Scrolls
 b - 2 scrolls of remove curse {unknown}
 f - 3 scrolls of teleportation {unknown}
 i - a scroll of enchant armour {unknown}
Comestibles
 c - 2 rations


   Skills:
 - Level 2.4 Dodging
 - Level 2.4 Stealth
 + Level 3.1 Spellcasting
 * Level 3.4 Conjurations
 * Level 3.4 Fire Magic


You had 4 spell levels left.
You knew the following spells:

 Your Spells              Type           Power        Failure   Level  Hunger
h - Flame Tongue          Conj/Fire      ###..        3%          1    None
l - Conjure Flame         Conj/Fire      ###.....     11%         3    ###....

Your spell library contained the following spells:

 Spells                   Type           Power        Failure   Level  Hunger
 Throw Flame              Conj/Fire      ###...       5%          2    ##.....
 Inner Flame              Hex/Fire       ##......     21%         3    ###....
 Sticky Flame             Conj/Fire      ###.....     34%         4    ####...
 Fireball                 Conj/Fire      ###.......   67%         5    ######.


Dungeon Overview and Level Annotations

Branches:
Dungeon (2/15)

Altars:


Message History

Casting: Flame Tongue (safe; 3% risk of failure)
Confirm with . or Enter, or press ? or * to list all spells.
Aiming: Flame Tongue (safe; 3% risk of failure)
Press: ? - help, Shift-Dir - straight line, f/p - adder
Aim: an adder (almost dead)
The flame tongue misses the adder.
The flame tongue hits the hobgoblin.
The hobgoblin appears unharmed.
You feel sick. The adder bites you. The rat barely misses you.
The adder completely misses you.
Casting: Flame Tongue (safe; 3% risk of failure)
Confirm with . or Enter, or press ? or * to list all spells.
Aiming: Flame Tongue (safe; 3% risk of failure)
Press: ? - help, Shift-Dir - straight line, f/p - adder
Aim: an adder (almost dead)
The flame tongue hits the adder.
You kill the adder!
You feel sick. The hobgoblin barely misses you. The rat bites you.
You feel sick.
It was a potion of magic.
Magic courses through your body.
You feel sick. The rat completely misses you. The hobgoblin barely misses you.
Are you sure you want to abandon this character and quit the game? (Confirm

#.... ... ......)... #.$..
... #......# ##....##.#
.##......# .......#.##
.##......#
.....<..(.###.##......#
#......%......##......#
#.....%...##..........###..
........grr..###...........
$.....##.@#...........###..
##.#..#...............##
....!.....#.###........#
...##.##.#..# ####.....#
### #. #...#### #..##.####
####.##......# ##.##.....
.............#####........
............)#......######
<..........<...######


You could see a hobgoblin and 2 rats.

Vanquished Creatures
  An adder (D:2)
  A worm (D:2)
  2 leopard geckos (D:1)
  2 giant cockroaches (D:1)
  3 goblins (D:1)
  3 hobgoblins (D:1)
  2 jackals (D:1)
  4 kobolds (D:1)
  2 bats (D:1)
  3 frilled lizards (D:1)
  2 rats (D:1)
25 creatures vanquished.

Notes
Turn   | Place    | Note
-------+----------+-------------------------------------------
     0 | D:1      | Duffy the Deep Elf Fire Elementalist began the quest for
                  | the Orb.
     0 | D:1      | Reached XP level 1. HP: 10/10 MP: 6/6
   236 | D:1      | Reached XP level 2. HP: 15/15 MP: 5/8
  1204 | D:2      | Reached XP level 3. HP: 19/19 MP: 4/9
  1209 | D:2      | Learned a level 3 spell: Conjure Flame
  1272 | D:2      | Quit the game

Vault maps used:
D:1:      dpeg_arrival_shrine

Skill      XL: |  1  2 |
---------------+-------+-----
Conjurations   | 2 3 |  3.4
Dodging        | |  2.4
Stealth        | |  2.4
Spellcasting   | |  3.1
Fire Magic     | |  3.4

Action                   || total
-------------------------++-------
 Cast: Flame Tongue      ||    48
  Use: Potion            ||     1
  Eat: Chunk             ||     1
Armor: Robe              ||     3
Dodge: Dodged            ||    17

Table legend:
 A = Non-vault XP
 B = Vault XP
 C = Vault XP percentage of total XP
 D = Non-vault monster count
 E = Vault monster count
 F = Vault count percentage of total count
                 A         B        C        D         E       F
            +---------+---------+-------+---------+---------+-------
      Total |      57 |       0 |   0.0 |      25 |       0 |   0.0
            +---------+---------+-------+---------+---------+-------
        D:1 |      39 |       0 |   0.0 |      23 |       0 |   0.0
        D:2 |      18 |       0 |   0.0 |       2 |       0 |   0.0
            +---------+---------+-------+---------+---------+-------
